 Dungeon Crawl Stone Soup version 0.30.1-9-gdf580d7c3d (webtiles) character file.

Game seed: 17188723891428861771

574 Legs the Cudgeller (level 7, -7/61 HPs)
             Began as a Minotaur Berserker on Oct 15, 2023.
             Was a Priest of Trog.
             Killed from afar by Sigmund (10 damage)
             ... with a puff of flame
             ... on level 5 of the Dungeon.
             The game lasted 00:13:17 (4796 turns).

Legs the Cudgeller (Minotaur Berserker)             Turns: 4796, Time: 00:13:19

Health: -7/61      AC: 12    Str: 24    XL:     7   Next: 12%
Magic:  6/6        EV:  8    Int:  4    God:    Trog [***...]
Gold:   194        SH:  0    Dex: 15    Spells: 6/6 levels left

rFire   . . .        a - +0 mace
rCold   . . .        (no shield)
rNeg    . . .        s - +0 plate armour
rPois   .            (helmet restricted)
rElec   .            (no cloak)
rCorr   .            (no gloves)
SInv    .            (no boots)
Will    +....        (no amulet) Stlth
                     c - ring of willpower
HPRegen 0.30/turn    o - +6 ring of dexterity
MPRegen 0.10/turn

%: no passive effects
@: no status effects
A: horns 2, retaliatory headbutt
a: Renounce Religion, Berserk, Trog's Hand


You were on level 5 of the Dungeon.
You worshipped Trog.
Trog was most pleased with you.
You visited 1 branch of the dungeon, and saw 6 of its levels.

You collected 194 gold pieces.

Inventory:

Hand Weapons
 a - a +0 mace (weapon)
Missiles
 n - 22 stones (quivered)
Armour
 s - a +0 plate armour (worn)
 t - the +2 leather armour of Indecent Exposure {rC- Int+3 Stlth+}
   (You found it on level 5 of the Dungeon)

   Int:       It affects your intelligence (+3).
   rC:        It makes you vulnerable to cold.
   Stlth:     It makes you more stealthy.
Jewellery
 c - a ring of willpower (left hand)
 o - a +6 ring of dexterity (right hand)
Wands
 e - a wand of flame (22)
 i - a wand of iceblast (7)
 u - a wand of mindburst (16)
Scrolls
 b - a scroll of enchant armour {unknown}
 g - a scroll of fog {unknown}
 k - a scroll of immolation {unknown}
 l - 5 scrolls of identify
 p - a scroll of vulnerability {unknown}
 r - a scroll of noise {unknown}
Potions
 d - 2 potions of heal wounds {unknown}
 f - 2 potions of flight
 h - 3 potions of lignification
 j - 2 potions of mutation {unknown}
 m - 2 potions of curing {unknown}
 q - 2 potions of brilliance {unknown}


   Skills:
 + Level 5.4 Fighting
 + Level 7.4 Maces & Flails
 + Level 0.4 Throwing
 + Level 4.6 Armour
 + Level 3.0 Dodging
 + Level 0.9 Stealth


You had 6 spell levels left.
You didn't know any spells.
Your spell library was empty.

Dungeon Overview and Level Annotations

Branches:
Dungeon (6/15)             Temple (0/1) D:5

Altars:
Cheibriados
Makhleb
Qazlal
Sif Muna
The Shining One

Shops:
D:4 =

Annotations:
D:5 2 runed translucent doors, Menkaure; Sigmund; kaesle's ghost, novice HOFi


Innate Abilities, Weirdness & Mutations

You have a pair of horns on your head.
You reflexively headbutt those who attack you in melee.


Message History

Sigmund flickers and vanishes!
Deactivating autopickup; reactivate with Ctrl-A.
Found a scroll labelled QIUZOU COIXT.
Menkaure, Prince of Dust comes into view.
Something hits you.
A magic dart appears from out of thin air!
The magic dart hits you but does no damage.
Menkaure casts a spell.
Menkaure seems to speed up.
A magic dart appears from out of thin air!
The magic dart hits you! Something hits you but does no damage.
Menkaure calls on the powers of darkness!
Something is bathed in an unholy light!
Your body is wracked with pain!
Menkaure calls on the powers of darkness!
Something is bathed in an unholy light!
Your body is wracked with pain!
* * * LOW HITPOINT WARNING * * *
You hear the rusting of a drain.
Menkaure hums, "Let me perform the rites..."
Menkaure calls on the powers of darkness!
Something is bathed in an unholy light!
Your body is wracked with pain!
* * * LOW HITPOINT WARNING * * *
Menkaure calls on the powers of darkness!
Something is bathed in an unholy light!
Your body is wracked with pain!
* * * LOW HITPOINT WARNING * * *
A magic dart appears from out of thin air!
The magic dart hits you.
* * * LOW HITPOINT WARNING * * *
Sigmund appears from thin air!
Reactivating autopickup.
Sigmund gestures at you while chanting. The puff of flame hits you.
* * * LOW HITPOINT WARNING * * *
A rat comes into view.
Menkaure is no longer moving quickly.
Sigmund breathes a few words.
Sigmund's hands start flickering wildly.
Sigmund gestures at you while chanting. The puff of flame hits you!
You die...

#...# ##M.#
#..# ##.#
#.# # #{# r#
#.# #.#
#.########.#
#..M@....@.#
############


You could see Sigmund, Menkaure and a rat.

Vanquished Creatures
  2 centaurs (D:5)
  A hound (D:5)
  An orc priest (D:3)
  An iron imp (D:4)
  3 iguanas
  A sleepcap (D:4)
  Robin (D:3)
  4 gnolls (D:3)
  6 adders
  A shadow imp (D:4)
  A worm (D:2)
  3 dart slugs
  10 orcs
  6 ball pythons
  5 endoplasms
  5 giant cockroaches
  16 goblins
  8 hobgoblins
  7 jackals
  3 quokkas
  5 bats
  3 frilled lizards
  6 kobolds
  5 rats
104 creatures vanquished.

Notes
Turn   | Place    | Note
-------+----------+-------------------------------------------
     0 | D:1      | Legs the Minotaur Berserker began the quest for the Orb.
     0 | D:1      | Reached XP level 1. HP: 19/19 MP: 0/0
   160 | D:1      | Reached skill level 4 in Maces & Flails
   160 | D:1      | Reached XP level 2. HP: 18/27 MP: 1/1
   696 | D:1      | Reached ** piety under Trog
   747 | D:1      | Reached XP level 3. HP: 33/33 MP: 2/2
  1321 | D:2      | Reached XP level 4. HP: 37/41 MP: 3/3
  1399 | D:2      | Reached skill level 5 in Maces & Flails
  1572 | D:2      | Found a burning altar of Makhleb.
  2026 | D:3      | Noticed Robin
  2042 | D:3      | Killed Robin
  2219 | D:3      | Reached XP level 5. HP: 47/47 MP: 4/4
  2715 | D:3      | Reached skill level 6 in Maces & Flails
  2879 | D:3      | Found a glowing golden altar of the Shining One.
  3157 | D:4      | Found a stormy altar of Qazlal.
  3342 | D:4      | Found Adesid's Jewellery Shoppe.
  3614 | D:4      | Reached *** piety under Trog
  3775 | D:4      | Reached XP level 6. HP: 38/55 MP: 5/5
  3870 | D:4      | Found a shimmering blue altar of Sif Muna.
  4081 | D:4      | Found a snail-covered altar of Cheibriados.
  4091 | D:4      | Reached skill level 5 in Fighting
  4473 | D:5      | Entered Level 5 of the Dungeon
  4483 | D:5      | Found a staircase to the Ecumenical Temple.
  4499 | D:5      | Reached skill level 7 in Maces & Flails
  4561 | D:5      | You fall into a shaft and drop 1 floor!
  4589 | D:5      | Reached XP level 7. HP: 46/61 MP: 6/6
  4668 | D:5      | Identified the +2 leather armour of Indecent Exposure {rC-
                  | Int+3 Stlth+}
  4686 | D:5      | Found a large runed translucent door.
  4686 | D:5      | Found a large runed translucent door.
  4692 | D:5      | Noticed kaesle's ghost (novice HOFi)
  4753 | D:5      | Noticed Sigmund
  4761 | D:5      | Noticed Menkaure
  4781 | D:5      | HP: 3/61 [something/magic dart (3)]
  4793 | D:5      | HP: 2/61 [Sigmund/puff of flame (4)]
  4796 | D:5      | Killed from afar by Sigmund

Illustrated notes

Levels and vault maps discovered:
D:1:      dpeg_arrival_central, layout_basic
D:2:      minmay_alternating_diamond, layout_loops_corners, basic_altar,
          grunt_ministairs_14, nicolae_figureground_pulse
D:3:      layout_loops_ring, mainiacjoe_overflow_alcove_2, grunt_ministairs_1,
          uniq_robin
D:4:      layout_layer_cave, grunt_qazlal_sundering, led_sif_pool, slow_altar_1,
          serial_shops, shop
D:5:      layout_cave_pools, minmay_temple_entry_overgrown,
          ebering_ghost_disaster_area, gup_sewer_entry_spiral, uniq_menkaure,
          uniq_sigmund
D:6:      layout_basic, trog_hazing_becter, kennysheep_generic_room_13

Skill      XL: |  1  2  3  4  5  6 |
---------------+-------------------+-----
Maces & Flails | 4 5 6 7 |  7.4
Fighting       | 4 5 |  5.4
Armour         | 3 4 |  4.6
Dodging        | 3 |  3.0
Throwing       | |  0.4
Stealth        | |  0.9

Action                     |  1- 3 |  4- 6 |  7- 9 || total
---------------------------+-------+-------+-------++-------
  Melee: Mace              |    84 |   126 |    14 ||   224
         Punch             |     1 |     2 |       ||     3
         Headbutt          |    11 |    21 |     3 ||    35
  Throw: Stone             |       |     6 |       ||     6
 Invoke: Berserk           |       |     2 |       ||     2
    Use: Potion            |       |     3 |       ||     3
         Scroll            |       |     4 |       ||     4
   Stab: Sleeping          |     1 |       |       ||     1
 Armour: Animal skin       |    17 |     2 |       ||    19
         Ring mail         |       |    15 |       ||    15
         Plate armour      |       |    38 |     5 ||    43
         Scale mail        |       |     4 |       ||     4
  Dodge: Dodged            |    54 |    71 |     7 ||   132
